 Dungeon Crawl Stone Soup version 0.28-a0-1190-g77e1c55843 (webtiles) character file.

Game seed: 12749592901274722545

1016 Fortus the Ruffian (level 8, -1/70 HPs)
             Began as a Troll Warper on Dec 18, 2021.
             Succumbed to a water moccasin's poison
             ... on level 6 of the Dungeon.
             The game lasted 00:07:43 (4308 turns).

Fortus the Ruffian (Troll Warper)                   Turns: 4308, Time: 00:07:43

Health: -1/70      AC:  5    Str: 28    XL:     8   Next: 1%
Magic:  9/11       EV:  9    Int:  9    God:
Gold:   335        SH:  0    Dex:  9    Spells: 11/13 levels left

rFire   . . .      SeeInvis .     - Unarmed
rCold   . . .      Faith    .   (no shield)
rNeg    . . .      Spirit   .   a - +0 robe
rPois   .          Reflect  .   (helmet restricted)
rElec   .          Harm     .   x - +0 cloak
rCorr   .          Rampage  .   (gloves unavailable)
Will    .....                   (boots unavailable)
Stlth   +.........              (no amulet)
HPRegen 1.01/turn               p - +6 ring of strength
MPRegen 0.12/turn               (no ring)

@: lethally poisoned (-1 -> -7), on blink cooldown
A: large, unfitting armour, claws 3, regeneration 1, shaggy fur 1, tough skin 1
a: no special abilities


You were on level 6 of the Dungeon.
You visited 2 branches of the dungeon, and saw 7 of its levels.

You collected 335 gold pieces.

Inventory:

Missiles
 c - 5 boomerangs of dispersal (quivered)
Armour
 a - a +0 robe (worn)
 s - a +0 kite shield
 x - a +0 cloak (worn)
Jewellery
 p - a +6 ring of strength (left claw)
 r - a ring of ice
Wands
 n - a wand of acid (11)
Scrolls
 b - a scroll of blinking
 e - 2 scrolls of immolation
 f - a scroll of fog {unknown}
 h - a scroll of magic mapping {unknown}
 k - a scroll of noise
 m - a scroll of fear {unknown}
 o - 2 scrolls of teleportation
 q - 3 scrolls of identify {unknown}
 t - a scroll of enchant weapon {unknown}
 u - a scroll of holy word {unknown}
 w - a scroll of enchant armour {unknown}
 y - a scroll of vulnerability {unknown}
 z - a scroll of brand weapon {unknown}
Potions
 d - a potion of heal wounds {unknown}
 g - a potion of degeneration {unknown}
 i - 2 potions of haste {unknown}
 j - a potion of flight {unknown}
 l - a potion of attraction {unknown}
 v - a potion of curing {unknown}


   Skills:
 - Level 1.5 Fighting
 - Level 0.8 Throwing
 - Level 1.9 Dodging
 * Level 6.8 Unarmed Combat
 + Level 3.1 Spellcasting
 + Level 4.1 Translocations


You had 11 spell levels left.
You knew the following spells:

 Your Spells              Type           Power      Damage    Failure   Level
a - Blink                 Tloc           16%        N/A       9%          2

Your spell library contained the following spells:

 Spells                   Type           Power      Damage    Failure   Level
 Gell's Gravitas          Tloc           8%         N/A       16%         3
 Lesser Beckoning         Tloc           8%         N/A       16%         3
 Teleport Other           Tloc           8%         N/A       16%         3
 Magic Dart               Conj           4%         1d3       30%         1
 Call Imp                 Summ           1%         N/A       41%         2
 Mephitic Cloud           Conj/Pois/Air  1%         N/A       65%         3
 Manifold Assault         Tloc           8%         N/A       83%         5
 Leda's Liquefaction      Hex/Erth       0%         N/A       96%         4
 Lee's Rapid Deconstruct  Erth           0%         3d5*      100%        5
 Statue Form              Tmut/Erth      0%         N/A       100%        6


Dungeon Overview and Level Annotations

Branches:
Dungeon (6/15)             Temple (1/1) D:4

Altars:
Ashenzari
Cheibriados
Dithmenos
Elyvilon
Fedhas
Gozag
Makhleb
Nemelex Xobeh
Okawaru
Ru
Uskayaw
Xom
Yredelemnul
Lugonu

Shops:
D:2 (

Annotations:
D:5 1 runed translucent door, niknal's ghost, novice DDFi


Innate Abilities, Weirdness & Mutations

You are too large for most types of armour.
You have claws for hands.
Your natural rate of healing is unusually fast.
You are covered in fur. (AC +1)
You have tough skin. (AC +1)


Message History

There is an open door here.
You bump into the rock wall.
You feel sick. The water moccasin bites you. The orc wizard barely misses you.
You barely miss the orc wizard.
You feel sick. The water moccasin bites you.
You are more poisoned.
The water moccasin poisons you!
The orc wizard hits you with a +0 dagger.
You're too confused to move!
You feel less confused.
You feel very sick.
The water moccasin bites you but does no damage.
The water moccasin misses you.
You claw the orc!
You kill the orc!
You feel very sick. The water moccasin bites you!
The orc priest invokes the aid of Beogh against you.
Beogh smites you!
Casting: Blink (safe; 9% risk of failure)
Confirm with . or Enter, or press ? or * to list all spells.
You blink.
You feel very sick. The orc priest barely misses you.
The orc wizard hits you with a +0 dagger.
* * * LOW HITPOINT WARNING * * *
Casting: Blink (safe; 9% risk of failure)
Confirm with . or Enter, or press ? or * to list all spells.
You are still too unstable to blink.
You feel sick. The water moccasin bites you.
* * * LOW HITPOINT WARNING * * *
You are more poisoned.
The water moccasin poisons you!
Found 13 arrows.
* * * LOW HITPOINT WARNING * * *
You feel very sick. The water moccasin barely misses you.
You feel very sick. The water moccasin bites you!
* * * LOW HITPOINT WARNING * * *
You die...

#### ##.######## (...##
#.......... .
#....###..#....####...
#.#........)'....'......
#......##.S.#....##....#
.......#.o..........#..#
#.>.oSo.....######..#
.....#.............#..#
..#. #@#######.###.#..#
# #.# #..##....# #.#
........... #.#
###..####.# #.# ##.# #.#
#.# #.# #.# #.# #.# #.#
#.# #.# #.# #.# #.#


You could see a water moccasin, an orc priest, an orc wizard, an adder and an
orc.

Vanquished Creatures
  A water moccasin (D:6)
  A centaur (D:5)
  2 ogres (D:6)
  Blork the orc (D:6)
  2 scorpions
  A water moccasin zombie (D:5)
  3 wights (D:6)
  An orc priest (D:4)
  An iguana (D:4)
  A centaur skeleton (D:5)
  An orc wizard (D:4)
  6 adders
  4 gnolls (D:4)
  2 white imps
  An ufetubus (D:5)
  A worm (D:3)
  2 dart slugs
  4 orcs
  6 endoplasms
  3 giant cockroaches (D:4)
  9 goblins
  3 hobgoblins
  2 jackals (D:1)
  7 kobolds
  2 quokkas (D:2)
  8 ball pythons
  4 bats
  5 frilled lizards
  2 rats
86 creatures vanquished.

Notes
Turn   | Place    | Note
-------+----------+-------------------------------------------
     0 | D:1      | Fortus the Troll Warper began the quest for the Orb.
     0 | D:1      | Reached XP level 1. HP: 19/19 MP: 1/1
   192 | D:1      | Reached XP level 2. HP: 24/27 MP: 3/3
   393 | D:1      | Found a faded altar of an unknown god.
   684 | D:2      | Reached XP level 3. HP: 33/33 MP: 4/4
   818 | D:2      | Reached skill level 3 in Unarmed Combat
  1174 | D:2      | Found Icivem's Weapon Emporium.
  1461 | D:3      | Learned a level 2 spell: Blink
  1574 | D:3      | Reached XP level 4. HP: 16/41 MP: 5/5
  2079 | D:4      | Noticed an orc warrior
  2179 | D:3      | HP: 2/41 [orc warrior (14)]
  2263 | D:4      | Found a staircase to the Ecumenical Temple.
  2275 | Temple   | Entered the Ecumenical Temple
  2349 | D:4      | Found a sacrificial altar of Ru.
  2382 | D:4      | Reached skill level 4 in Unarmed Combat
  2382 | D:4      | Reached XP level 5. HP: 11/48 MP: 6/6
  3030 | D:4      | Noticed a torpor snail
  3032 | D:4      | Noticed a torpor snail
  3032 | D:4      | Noticed a torpor snail
  3033 | D:4      | Found a snail-covered altar of Cheibriados.
  3095 | D:4      | Found a shadowy altar of Dithmenos.
  3259 | D:5      | Entered Level 5 of the Dungeon
  3286 | D:5      | Reached XP level 6. HP: 40/55 MP: 8/8
  3388 | D:5      | Found a broken altar of Ashenzari.
  3548 | D:5      | Reached skill level 5 in Unarmed Combat
  3724 | D:5      | Found a blossoming altar of Fedhas.
  3834 | D:5      | Found a runed translucent door.
  3835 | D:5      | Noticed a gargoyle
  3835 | D:5      | Noticed niknal's ghost (novice DDFi)
  3997 | D:6      | Noticed a water moccasin
  4009 | D:6      | Killed a water moccasin
  4010 | D:6      | Reached XP level 7. HP: 30/62 MP: 9/9
  4055 | D:6      | Reached skill level 6 in Unarmed Combat
  4078 | D:6      | Noticed Blork the orc
  4089 | D:6      | Killed Blork the orc
  4210 | D:6      | Reached XP level 8. HP: 51/70 MP: 11/11
  4307 | D:6      | HP: 2/70 [water moccasin (8)]
  4308 | D:6      | Succumbed to a water moccasin's poison

Illustrated notes

Levels and vault maps discovered:
D:1:      dpeg_arrival_rhombi, layout_loops_cross,
          nicolae_ecumenical_snake_handling, minmay_misc_feat_rows
D:2:      layout_loops_ring, serial_shops,
          nicolae_shop_temple_entry_statues_fountains
D:3:      layout_loops_ring
D:4:      layout_layer_cave, mainiacjoe_overflow_six_doors_small,
          cheibriados_altar_2, nicolae_ru_sacrificial_ziggurat,
          minmay_temple_entry_purple_smoke
D:5:      layout_rooms, amcnicky_altar_gilded, kennysheep_little_box,
          ebering_ghost_inner_flame
D:6:      layout_basic, kiku_gazebo_pond_becter, uniq_blork_the_orc
Temple:   corrupted_temple

Skill      XL: |  1  2  3  4  5  6  7 |
---------------+----------------------+-----
Unarmed Combat | 3 4 5 6 |  6.8
Spellcasting   | 2 3 |  3.1
Translocations | 3 4 |  4.1
Fighting       | |  1.5
Throwing       | |  0.8
Dodging        | |  1.9

Action                   |  1- 3 |  4- 6 |  7- 9 || total
-------------------------+-------+-------+-------++-------
Melee: Unarmed           |   124 |   144 |    32 ||   300
       Punch             |       |     1 |       ||     1
 Cast: Blink             |       |       |     1 ||     1
  Use: Scroll            |       |     2 |       ||     2
 Stab: Sleeping          |       |     1 |       ||     1
Armor: Robe              |    55 |    41 |     6 ||   102
Dodge: Dodged            |    43 |    62 |    14 ||   119

Table legend: (Time is in decaauts)
 A = Elapsed time spent in this place.
 B = Non-inter-level travel time spent in this place.
 C = Inter-level travel time spent in this place.
 D = Time resting spent in this place.
 E = Time spent auto-exploring this place.
 F = Levels seen in this place.
 G = Mean time per level.
                   A        B        C        D        E       F      G
               +--------+--------+--------+--------+--------+-----+--------+
         Total |   4287 |   4074 |    213 |    313 |   2928 |   7 |  612.4 |
       Dungeon |   4241 |   4039 |    202 |    313 |   2902 |   6 |  706.8 |
        Temple |     45 |     34 |     11 |      0 |     26 |   1 |   45.0 |
               +--------+--------+--------+--------+--------+-----+--------+

Top non-repeatable levels by time:
     D:4: 1014 daAuts
     D:3: 923 daAuts
     D:5: 702 daAuts
     D:1: 660 daAuts
     D:2: 602 daAuts
     D:6: 338 daAuts
  Temple: 45 daAuts
